 Dungeon Crawl Stone Soup version 0.30-a0-756-gc2185399d4 (webtiles) character file.

Game seed: 11414954827491962013

16846 HammerPanzer the Executioner (level 12, -5/150 HPs)
             Began as a Minotaur Berserker on Feb 9, 2023.
             Was a High Priest of Trog.
             Slain by an 11-headed hydra (6 damage)
             ... on level 9 of the Dungeon.
             The game lasted 00:26:10 (6866 turns).

HammerPanzer the Executioner (Minotaur Berserker)   Turns: 6866, Time: 00:26:11

Health: -5/150     AC: 12    Str: 30    XL:     12   Next: 13%
Magic:  11/11      EV: 14    Int:  4    God:    Trog [*****.]
Gold:   575        SH:  5    Dex: 11    Spells: 11/11 levels left

rFire   . . .      SeeInvis .    v - +3 executioner's axe of the Dancing Gods {drain, rC- Str+4}
rCold   x . .      Faith    .    (shield currently unavailable)
rNeg    . . .      Spirit   .    d - +0 chain mail
rPois   +          Reflect  +    (helmet restricted)
rElec   .          Harm     .    (no cloak)
rCorr   .          Rampage  .    y - +1 pair of gloves
Will    .....                    a - +0 pair of boots Stlth
                                 z - amulet of reflection
HPRegen 0.45/turn                f - +5 ring of evasion
MPRegen 0.12/turn                j - ring of poison resistance

@: berserking (expiring), very quick
A: horns 2, retaliatory headbutt
a: Renounce Religion, Berserk, Trog's Hand, Brothers in Arms


You were on level 9 of the Dungeon.
You worshipped Trog.
Trog was extremely pleased with you.
You visited 1 branch of the dungeon, and saw 9 of its levels.
You also visited: Ossuary and Bailey.

You collected 641 gold pieces.
You spent 66 gold pieces at shops.

Inventory:

Hand Weapons
 v - the +3 executioner's axe of the Dancing Gods (weapon) {drain, rC- Str+4}
   (You acquired it on level 7 of the Dungeon)

   Str:       It affects your strength (+4).
   rC:        It makes you vulnerable to cold.
 x - a +4 antimagic battleaxe
Missiles
 k - 11 poisoned darts (quivered)
 p - 5 javelins
Armour
 a - a +0 pair of boots (worn)
 d - a +0 chain mail (worn)
 y - a +1 pair of gloves (worn)
Jewellery
 f - a +5 ring of evasion (left hand)
 j - a ring of poison resistance (right hand)
 l - a ring of willpower
 n - a +6 ring of dexterity
 z - an amulet of reflection (around neck)
Wands
 r - a wand of digging (13)
 C - a wand of mindburst (8)
Scrolls
 o - 4 scrolls of teleportation
 u - 3 scrolls of fog
 B - 2 scrolls of blinking
Potions
 b - 6 potions of curing
 c - 2 potions of flight
 e - a potion of berserk rage
 g - 2 potions of haste
 h - a potion of lignification
 i - 2 potions of might
 m - a potion of invisibility
 q - a potion of brilliance {unknown}
 s - 3 potions of mutation
 t - 4 potions of heal wounds
 w - a potion of ambrosia {unknown}
 A - 2 potions of resistance {unknown}
 D - a potion of cancellation {unknown}


   Skills:
 - Level 7.1 Fighting
 + Level 21.6 Axes
 - Level 2.4 Armour
 - Level 2.1 Dodging


You had 11 spell levels left.
You didn't know any spells.
Your spell library was empty.

Dungeon Overview and Level Annotations

Branches:
Dungeon (9/15)             Temple (0/1) D:6         Ossuary (visited)
 Bailey (visited)
   Lair: D:8-11         Orc: D:9-12

Altars:
Dithmenos
Trog
Wu Jian
Xom
Zin

Shops:
D:4 ?


Innate Abilities, Weirdness & Mutations

You have a pair of horns on your head.
You reflexively headbutt those who attack you in melee.


Message History

The nine-headed hydra bites you but does no damage.
The nine-headed hydra bites you.
The nine-headed hydra bites you but does no damage.
The nine-headed hydra bites you! x2
The nine-headed hydra barely misses you.
The nine-headed hydra bites you.
* * * LOW HITPOINT WARNING * * *
The nine-headed hydra closely misses you.
You chop one of the nine-headed hydra's heads off!
The eight-headed hydra grows two more!
You slice the ten-headed hydra!!
Your headbutt misses the ten-headed hydra.
The ten-headed hydra is almost dead.
You slash the wight! You block the wight's attack. The wight barely misses you.
You slice one of the ten-headed hydra's heads off!
The nine-headed hydra grows two more!
You slash the 11-headed hydra! You drain the 11-headed hydra.
The 11-headed hydra is almost dead.
You barely miss the wight. The 11-headed hydra bites you!
* * * LOW HITPOINT WARNING * * *
The 11-headed hydra misses you. The 11-headed hydra closely misses you.
The 11-headed hydra bites you.
* * * LOW HITPOINT WARNING * * *
The 11-headed hydra bites you but does no damage.
The 11-headed hydra bites you!
* * * LOW HITPOINT WARNING * * *
The 11-headed hydra bites you.
* * * LOW HITPOINT WARNING * * *
The 11-headed hydra barely misses you. x3
You block the 11-headed hydra's attack. The wight closely misses you.
The wight barely misses you.
An orc warrior comes into view. It is wielding a +0 long sword.
You feel a strong urge to attack something.
The 11-headed hydra bites you.
* * * LOW HITPOINT WARNING * * *
You block the 11-headed hydra's attack. The 11-headed hydra bites you.
* * * LOW HITPOINT WARNING * * *
The 11-headed hydra bites you.
* * * LOW HITPOINT WARNING * * *
The 11-headed hydra barely misses you. The 11-headed hydra bites you.
You die...

. .### ...# #..######
#......#
####.######.###)########
.......@.).F†.†)........
########Dz.#############
♣zz.....♣ # ♣D♣.♣.♣.♣ #
♣o♣.♣.♣.♣ # ♣ ♣.♣.♣ ♣ #
♣...♣ # ##### # #


You could see a 11-headed hydra (drained), a bullfrog and a wight.

Vanquished Creatures
  An orc warlord (Bailey)
  A two-headed ogre (D:6)
  Pikel (D:7)
  An ugly thing (D:8)
  The ghost of sanka the Grappler, a novice TrMo (D:6)
  A hornet (D:8)
  A wraith (Ossuary)
  A yak (D:9)
  2 wyverns
  A steam dragon (D:7)
  Grum (D:8)
  2 water moccasins
  3 sky beasts
  2 black bears
  15 orc warriors
  An ice beast (D:5)
  5 centaurs
  5 ogres
  4 wolves (D:8)
  A phantom (D:6)
  A kobold brigand (D:7)
  3 necrophages
  4 bullfrogs
  2 wights (D:9)
  10 killer bees
  2 howler monkeys
  5 orc priests
  2 hounds
  A jelly (D:5)
  8 orc wizards
  3 iguanas
  A mummy (Ossuary)
  Robin (D:4)
  12 gnolls
  8 adders
  A shadow imp (D:7)
  A white imp (D:5)
  A worm (D:2)
  6 dart slugs
  43 orcs
  11 bats
  5 endoplasms
  6 giant cockroaches
  33 goblins
  19 hobgoblins
  7 kobolds
  3 quokkas
  15 ball pythons
  13 frilled lizards
  6 gnoll skeletons (Ossuary)
  3 kobold skeletons (Ossuary)
  16 orc skeletons (Ossuary)
  8 rats
310 creatures vanquished.

Vanquished Creatures (others)
  An angel (D:7)
  An orc wizard (D:7)
  3 plants (D:9)
5 creatures vanquished.

Grand Total: 315 creatures vanquished

Notes
Turn   | Place    | Note
-------+----------+-------------------------------------------
     0 | D:1      | HammerPanzer the Minotaur Berserker began the quest for the
                  | Orb.
     0 | D:1      | Reached XP level 1. HP: 19/19 MP: 0/0
    62 | D:1      | Reached skill level 4 in Axes
   161 | D:1      | Reached XP level 2. HP: 26/26 MP: 1/1
   445 | D:1      | Reached skill level 5 in Axes
   625 | D:1      | Reached XP level 3. HP: 31/31 MP: 2/2
   859 | D:2      | Reached ** piety under Trog
  1411 | D:3      | Reached skill level 6 in Axes
  1411 | D:3      | Reached XP level 4. HP: 39/39 MP: 3/3
  1463 | D:3      | Reached *** piety under Trog
  1608 | D:3      | Reached skill level 7 in Axes
  1608 | D:3      | Reached XP level 5. HP: 45/45 MP: 4/4
  1663 | D:3      | Found a faded altar of an unknown god.
  2023 | D:4      | Reached **** piety under Trog
  2076 | D:4      | Found Mieth's Magic Scroll Shop.
  2080 | D:4      | Bought a scroll of identify for 22 gold pieces
  2080 | D:4      | Bought a scroll of identify for 22 gold pieces
  2080 | D:4      | Bought a scroll of identify for 22 gold pieces
  2097 | D:4      | Reached skill level 8 in Axes
  2226 | D:4      | Reached XP level 6. HP: 51/51 MP: 5/5
  2516 | D:4      | Noticed Robin
  2522 | D:4      | Killed Robin
  2523 | D:4      | Reached skill level 9 in Axes
  2671 | D:5      | Entered Level 5 of the Dungeon
  2759 | D:5      | Noticed an ice beast
  2767 | D:5      | Killed an ice beast
  2793 | D:5      | Found an ornate altar of the Wu Jian Council.
  2817 | D:5      | Reached XP level 7. HP: 52/57 MP: 6/6
  2989 | D:5      | Reached skill level 10 in Axes
  3172 | D:5      | Reached skill level 11 in Axes
  3411 | D:6      | Reached XP level 8. HP: 45/64 MP: 7/7
  3479 | D:6      | Found a bloodstained altar of Trog.
  3571 | D:6      | Reached skill level 12 in Axes
  3631 | D:6      | Found a staircase to the Ecumenical Temple.
  3738 | D:6      | Noticed sanka's ghost (novice TrMo)
  3739 | D:6      | Found a transporter.
  3740 | D:6      | Identified the +4 great mace of Macy {heavy, +Blink rElec
                  | rC- Will+}
  3743 | D:6      | Found a transporter.
  3941 | D:6      | Noticed a two-headed ogre
  3948 | D:6      | Killed a two-headed ogre
  3949 | D:6      | Reached skill level 14 in Axes
  3949 | D:6      | Reached XP level 9. HP: 41/70 MP: 8/8
  4182 | D:6      | Killed sanka's ghost
  4183 | D:6      | Reached skill level 15 in Axes
  4300 | D:7      | Noticed Pikel
  4439 | D:7      | Killed Pikel
  4440 | D:7      | Reached skill level 16 in Axes
  4580 | D:7      | Noticed an angel
  4581 | D:7      | Found a glowing silver altar of Zin.
  4581 | D:7      | Found a shimmering altar of Xom.
  4645 | D:7      | Killed an angel
  4763 | D:7      | Reached skill level 17 in Axes
  4840 | D:7      | Reached XP level 10. HP: 77/77 MP: 9/9
  5024 | D:7      | Found a shadowy altar of Dithmenos.
  5122 | D:7      | Identified a scroll of acquirement
  5122 | D:7      | Acquired the +3 executioner's axe of the Dancing Gods
                  | {drain, rC- Str+4}
  5164 | D:8      | Noticed Grum
  5175 | D:8      | Killed Grum
  5204 | D:8      | Found a sand-covered staircase.
  5209 | Ossuary  | Entered an ossuary
  5303 | Ossuary  | Reached ***** piety under Trog
  5543 | D:8      | Reached skill level 18 in Axes
  5683 | D:8      | Noticed a cyclops
  5684 | D:8      | Noticed a deep elf pyromancer
  5687 | D:8      | Noticed a manticore
  5731 | D:8      | Received a gift from Trog
  5838 | D:8      | Noticed a red ugly thing
  5844 | D:8      | Killed a red ugly thing
  6203 | D:9      | Found a flagged portal.
  6217 | Bailey   | Entered a bailey
  6396 | Bailey   | Reached skill level 19 in Axes
  6534 | Bailey   | Noticed an orc warlord
  6552 | Bailey   | Killed an orc warlord
  6553 | Bailey   | Reached XP level 11. HP: 61/82 MP: 10/10
  6593 | Bailey   | Identified the +1 robe of Nilui {Harm rF- rN+ rCorr}
  6681 | Bailey   | Reached skill level 21 in Axes
  6681 | Bailey   | Reached XP level 12. HP: 100/100 MP: 11/11
  6855 | D:9      | Noticed a seven-headed hydra
  6866 | D:9      | HP: 6/150 [11-headed hydra (6)]
  6866 | D:9      | HP: 1/150 [11-headed hydra (5)]
  6866 | D:9      | Slain by an 11-headed hydra

Illustrated notes

Levels and vault maps discovered:
D:1:      eino_arrival_cavern_a, layout_loops_ring
D:2:      layout_rooms
D:3:      minmay_bubble_buster, layout_basic, ebering_ecumenical_altar_abandoned
D:4:      layout_basic, serial_shops, shop, st_stairs_6, nicolae_half_adder,
          uniq_robin
D:5:      layout_rooms, nzn_wu_jian_council_hall, grunt_tough_drop
D:6:      layout_gridville, mainiacjoe_overflow_alcove_2,
          minmay_temple_entry_proselytizer, gammafunk_ghost_smash
D:7:      layout_loops_cross, grunt_temple_overflow_order_and_chaos_1,
          lemuel_crystal_altar, kennysheep_generic_room_8, uniq_pikel
D:8:      layout_gridville, enter_ossuary_5, grunt_decor_mini_mirrors,
          onia_ninara_dug_in_and_dangerous, uniq_grum
D:9:      nzn_winding_woodlands_medium [nzn_winding_woodlands_5x5_three,
          nzn_winding_woodlands_5x15_sidewinder,
          nzn_winding_woodlands_5x5_checkerboard,
          nzn_winding_woodlands_hourglass, nzn_winding_woodlands_center_garden,
          nzn_winding_woodlands_5x5_open_star, nzn_winding_woodlands_5x5_cross,
          nzn_winding_woodlands_5x15_sawtooth,
          nzn_winding_woodlands_5x5_perimeter], layout_gridville, orc_0_dummy,
          enter_bailey_3, uniq_joseph

Skill      XL: |  1  2  3  4  5  6  7  8  9 10 11 |
---------------+----------------------------------+-----
Axes           | 4 5 6 7 8 9 11 14 17 19 21 | 21.6
Fighting       | 7 |  7.1
Armour         | |  2.4
Dodging        | |  2.1

Action                     |  1- 3 |  4- 6 |  7- 9 | 10-12 || total
---------------------------+-------+-------+-------+-------++-------
  Melee: Hand axe          |   111 |    82 |       |       ||   193
         Headbutt          |    15 |    12 |    21 |    32 ||    80
         Punch             |     1 |     3 |     2 |       ||     6
         War axe           |       |    41 |   148 |     8 ||   197
         Executioner's axe |       |       |       |   188 ||   188
  Throw: Dart              |       |       |       |     1 ||     1
 Invoke: Berserk           |       |     3 |     4 |     5 ||    12
    Use: Scroll            |     3 |     8 |     1 |     9 ||    21
         Potion            |       |       |       |     1 ||     1
 Armour: Animal skin       |     6 |       |       |       ||     6
         Ring mail         |    24 |    28 |       |       ||    52
         Scale mail        |       |       |     7 |       ||     7
         Chain mail        |       |       |    27 |    44 ||    71
  Dodge: Dodged            |    87 |   103 |    92 |   141 ||   423
  Block: Other             |       |       |       |    36 ||    36

Table legend: (Time is in decaauts)
 A = Elapsed time spent in this place.
 B = Non-inter-level travel time spent in this place.
 C = Inter-level travel time spent in this place.
 D = Time resting spent in this place.
 E = Time spent auto-exploring this place.
 F = Levels seen in this place.
 G = Mean time per level.
                   A        B        C        D        E       F      G
               +--------+--------+--------+--------+--------+-----+--------+
         Total |   6947 |   6638 |    309 |    674 |   3960 |  11 |  631.5 |
       Dungeon |   6195 |   5886 |    309 |    372 |   3960 |   9 |  688.3 |
       Ossuary |    257 |    257 |      0 |     87 |      0 |   1 |  257.0 |
        Bailey |    494 |    494 |      0 |    214 |      0 |   1 |  494.0 |
               +--------+--------+--------+--------+--------+-----+--------+

Top non-repeatable levels by time:
     D:6: 962 daAuts
     D:1: 856 daAuts
     D:8: 807 daAuts
     D:7: 780 daAuts
     D:4: 757 daAuts
     D:5: 744 daAuts
     D:3: 707 daAuts
  Bailey: 494 daAuts
     D:2: 378 daAuts
 Ossuary: 257 daAuts
     D:9: 200 daAuts
